Unix NetHack Version 5.0.0-0 post-release - last build May 31 2026 23:59:36 (970b52f25bf058293b47ddfd14a1e40e571c508c,branch:main).

Game began 2026-06-05 08:07:24, ended 2026-06-05 09:44:13.

FutureTim, lawful female human Valkyrie

                           ---           ---  ----
          ---            ---.-------------(---|..---
         --.--           |...................--....|
      ----..)------      |..*.......---...^........|
     --)^...%%....--     ------.....--.............---
     |..#..---.....|          --.....................|
     |.----- -----.|     -------........|.............
    --.|-------  |.|  ----........ ---.---...........
    |..--.--.0# --.----...........^| --- |..---.....
    |.........--|.......----......%--    ---- |..
    |-.........---.------  |..--...sa--          .....
    |.....)......|--       ---- ....Y@|          .....
    |............--               ..s--          ....-
    --..--........|                .s            ....|
     -----)<......--                             ....|
        |.....|....|                              ...|
        --.|.----.--                              ----
         -----  ---

FutureTim the Fighter       St:17 Dx:13 Co:18 In:9 Wi:9 Ch:10  Lawful
Dlvl:7  $:27 HP:0(71) Pw:16(16) AC:0  Xp:7 T:5189 

Latest messages:
 The killer bee misses!
 The cave spider misses!
 You hit the killer bee.
 The killer bee misses!
 The killer bee misses!
 The cave spider bites!
 The killer bee stings!
 You kill the killer bee!
 The killer bee stings!
 The cave spider bites!
 The killer bee stings!
 You hit the killer bee.
 The killer bee stings!
 The cave spider bites!
 You miss the killer bee.
 The owlbear misses!
 The owlbear hits!
 The killer bee stings!
 The cave spider bites!
 You hear some noises in the distance.
 You miss the killer bee.
 The killer bee misses!
 You miss the killer bee.
 The owlbear just misses!
 The owlbear hits!
 The killer bee stings!
 The cave spider misses!
 You miss the killer bee.
 The owlbear hits!
 The owlbear misses!
 The killer bee misses!
 The cave spider misses!
 You hit the killer bee.
 The owlbear hits!
 The owlbear hits again!
 The owlbear grabs you!
 The killer bee stings!
 The cave spider bites!
 You cannot escape from the owlbear!
 The owlbear hits!
 The owlbear hits again!
 You are being crushed.
 The killer bee stings!
 The cave spider misses!
 What do you want to zap? [G or ?*] G
 In what direction? .
 You feel a little chill.
 Your puce potion freezes and shatters!
 You die...
 Do you want your possessions identified? [ynq] (y) q

Inventory:
 Coins    ('$')
  $ - 27 gold pieces
 Weapons  (')')
  N - a +0 arrow
  b - 5 +0 daggers (alternate weapons; not wielded)
  w - a corroded +1 spear (weapon in right hand)
 Armor    ('[')
  C - an uncursed rusty +0 orcish helm (being worn)
  Q - an uncursed +0 pair of elven boots (being worn)
  c - an uncursed +3 small shield (being worn)
  q - an uncursed +0 Hawaiian shirt with a giant eel motif (being worn)
  I - an uncursed +0 elven mithril-coat (being worn)
 Comestibles  ('%')
  O - an uncursed clove of garlic
  L - an uncursed food ration
  g - an uncursed lembas wafer
 Scrolls  ('?')
  B - an uncursed scroll of blank paper
 Potions  ('!')
  D - a blessed potion of hallucination
 Rings    ('=')
  s - an uncursed ring of stealth
 Wands    ('/')
  G - a wand of cold (0:7)
 Tools    ('(')
  l - an uncursed brass lantern (lit)
  P - an uncursed magic lamp
  A - an uncursed pair of lenses
  p - a +0 pick-axe
  k - an uncursed skeleton key
  h - an uncursed tin whistle
  x - an uncursed towel

FutureTim the Valkyrie's attributes:

Background:
 You were a Fighter, a level 7 human Valkyrie.
 You were lawful, on a mission for Tyr
 who was opposed by Odin (neutral) and Loki (chaotic).
 You were right-handed.
 You were in the Gnomish Mines, on level 7.
 You entered the dungeon 5189 turns ago.
 You had 929 experience points, 351 more were needed to attain level 8.

Basics:
 You had 0 out of 71 hit points.
 You had all 16 energy points (spell power).
 Your armor class was 0.
 Your wallet contained 27 zorkmids.
 Autopickup was off.

Final Characteristics:
 Your strength was 17 (peak:18, limit:18/100).
 Your dexterity was 13 (limit:18).
 Your constitution was 18 (limit:18).
 Your intelligence was 9 (limit:18).
 Your wisdom was 9 (limit:18).
 Your charisma was 10 (limit:18).

Final Status:
 You were held by an owlbear (west).
 You weren't hungry.
 You were unencumbered.
 You were wielding a spear.
 You had basic skill with spear and could have enhanced that.

Final Attributes:
 You were piously aligned.
 You were cold resistant.
 You were stealthy.
 You were guarded.
 Your spell casting was impaired by metallic armor.
 You were fast.
 You are dead.

Miscellaneous:
 You didn't encounter any bones levels.
 Total elapsed playing time was 1 hour, 34 minutes and 22 seconds.

Major events:
 Turn
    1: FutureTim the lawful human Valkyrie entered the dungeon
  807: attained the rank of Skirmisher (level 3)
 2358: entered the Gnomish Mines
 2841: attained the rank of Fighter (level 6)
 3298: reached Mine Town
 5189: killed by a shattered potion

Spells:
 Name                 Level Category     Fail Retention
 knock                  1   matter       100%   51%-75%
 confuse monster        1   enchantment  100%   51%-75%

Skills:
 Fighting Skills
   bare handed combat [Unskilled]
   two weapon combat  [Unskilled]
   riding             [Unskilled]
 Weapon Skills
   dagger             [Basic]
   axe                [Unskilled]
   pick-axe           [Unskilled]
   short sword        [Unskilled]
   broadsword         [Unskilled]
   long sword         [Unskilled]
   two-handed sword   [Unskilled]
   saber              [Unskilled]
   hammer             [Unskilled]
   quarterstaff       [Unskilled]
   polearms           [Unskilled]
   spear              [Basic]
   trident            [Unskilled]
   lance              [Unskilled]
   sling              [Unskilled]
 Spellcasting Skills
   attack spells      [Unskilled]
   escape spells      [Unskilled]

Voluntary challenges:
 Character rerolling was not enabled.
 You never genocided any monsters.
 You never polymorphed an object.
 You never changed form.
 You used no wishes.
Achievements:
 You entered a shop.
 You attained the rank of Skirmisher.
 You entered the Gnomish Mines.
 You attained the rank of Fighter.
 You entered Minetown.
 You entered a temple.

 The Dungeons of Doom: levels 1 to 5
    Level 1:
       Many fountains.
    Level 2:
    Level 3:
       A food shop, a grave.
       Stairs down to The Gnomish Mines.
    Level 4:
       A general store, a sink, a grave.
    Level 5:
       A fountain.
 The Gnomish Mines: levels 4 to 7
    Level 4:
    Level 5:
    Level 6:
       Many shops, a temple and an altar, many fountains.
    Level 7: <- You were here.
       Final resting place for
          you, killed by a shattered potion.


Vanquished creatures:
  a giant mimic
  a large mimic
  a dwarf mummy
  a dingo
  a dwarf leader
  a raven
  a Woodland-elf
  a rock piercer
  2 rock moles
  a pony
  a fog cloud
 10 gnome leaders
  3 gnomish wizards
  a gray ooze
  a paper golem
  8 giant ants
  2 floating eyes
  a kitten
  5 dwarves
  a kobold shaman
  2 hill orcs
  a monkey
  3 orc zombies
  2 killer bees
  a coyote
  a gas spore
  a hobbit
  a cave spider
  a brown mold
  a green mold
  a red mold
 39 gnomes
  6 geckos
  2 jackals
  2 foxes
  2 kobolds
  a goblin
  2 sewer rats
  2 grid bugs
  2 bats
  3 lichens
  a kobold zombie
  5 newts
126 creatures vanquished.

No species were genocided or became extinct.

Game over:
                       ----------
                      /          \
                     /    REST    \
                    /      IN      \
                   /     PEACE      \
                  /                  \
                  |    FutureTim     |
                  |      27 Au       |
                  |   killed by a    |
                  | shattered potion |
                  |                  |
                  |                  |
                  |       2026       |
                 *|     *  *  *      | *
        _________)/\\_//(\/(/\)/\//\/|_)_______

Farvel FutureTim the Valkyrie...

You died in The Gnomish Mines on dungeon level 7 with 4193 points,
and 27 pieces of gold, after 5189 moves.
You were level 7 with a maximum of 71 hit points when you died.

